 Dungeon Crawl Stone Soup version 0.30.1-11-g7821555f0a (webtiles) character file.

Game seed: 10669007765815196013

84 pkoi the Insei (level 4, 0/38 HPs)
             Began as a Draconian Monk on Nov 6, 2023.
             Was a Believer of Dithmenos.
             Slain by a gnoll
             ... wielding a +0 spear
              (3 damage)
             ... on level 4 of the Dungeon.
             The game lasted 00:01:58 (2269 turns).

pkoi the Insei (Draconian Monk)                     Turns: 2269, Time: 00:01:59

Health: 0/38       AC:  6    Str: 13    XL:     4   Next: 23%
Magic:  4/4        EV: 12    Int: 12    God:    Dithmenos [**....]
Gold:   111        SH:  0    Dex: 14    Spells: 3/3 levels left

rFire   . . .        f - +2 dagger (elec)
rCold   . . .        (no shield)
rNeg    . . .        (body armour unavailable)
rPois   .            (helmet restricted)
rElec   .            (no cloak)
rCorr   .            (no gloves)
SInv    .            o - +0 pair of boots
Will    .....        (no amulet)
Stlth   ++           (no ring)
HPRegen 0.26/turn    (no ring)
MPRegen 0.09/turn

%: no passive effects
@: wreathed by umbra
A: AC +5, unfitting armour, cold-blooded
a: Renounce Religion, Shadow Step


You were on level 4 of the Dungeon.
You worshipped Dithmenos.
Dithmenos was pleased with you.
You visited 1 branch of the dungeon, and saw 4 of its levels.

You collected 111 gold pieces.

Inventory:

Hand Weapons
 f - a +2 dagger of electrocution (weapon)
Missiles
 i - 4 curare-tipped darts (quivered)
 m - 2 poisoned darts
Armour
 b - an orb of light
 o - a +0 pair of boots (worn)
Wands
 q - a wand of digging (6)
Scrolls
 h - 3 scrolls of identify {unknown}
 j - a scroll of fear {unknown}
 k - 2 scrolls of teleportation {unknown}
 n - a scroll of immolation {unknown}
 r - a scroll of noise {unknown}
 s - a scroll of fog {unknown}
Potions
 a - a potion of ambrosia
 c - 3 potions of curing {unknown}
 d - 3 potions of flight {unknown}
 e - a potion of might {unknown}
 g - a potion of magic {unknown}
 l - a potion of brilliance {unknown}
 p - a potion of attraction {unknown}


   Skills:
 - Level 3.2 Fighting
 - Level 2.6 Dodging
 + Level 1.0 Stealth
 + Level 4.9 Unarmed Combat


You had 3 spell levels left.
You didn't know any spells.
Your spell library was empty.

Dungeon Overview and Level Annotations

Branches:
Dungeon (4/15)
 Temple: D:4-7

Altars:
Dithmenos
Kikubaaqudgha
Yredelemnul
The Shining One


Innate Abilities, Weirdness & Mutations

Your plain brown scales are hard. (AC +5)
You cannot fit into any form of body armour.
You are cold-blooded and may be slowed by cold attacks.


Message History

The gnoll hits you but does no damage.
You hit the gnoll. Lightning courses through the gnoll!
You kill the gnoll!
Dithmenos accepts your kill.
You have reached level 4!
You feel agile.
You hit the gnoll.
Your tail-slap misses the gnoll.
The gnoll is lightly wounded.
The gnoll barely misses you.
You closely miss the gnoll.
The gnoll is lightly wounded.
The gnoll hits you with a +0 flail!
You hit the gnoll.
The gnoll is moderately wounded.
The gnoll closely misses you.
You hit the gnoll but do no damage. Lightning courses through the gnoll!
You kill the gnoll!
Dithmenos accepts your kill.
Your Stealth skill increases to level 1!
You completely miss the goblin. The goblin closely misses you.
The gnoll hits you from afar with a +0 spear.
* * * LOW HITPOINT WARNING * * *
You barely miss the goblin. The goblin barely misses you.
The gnoll barely misses you.
You hit the goblin.
The goblin is moderately wounded.
The goblin closely misses you. The gnoll closely misses you.
Unknown command.
You closely miss the goblin.
The goblin is moderately wounded.
The goblin closely misses you.
The gnoll hits you from afar with a +0 spear.
* * * LOW HITPOINT WARNING * * *
Unknown command.
You barely miss the goblin.
Your tail-slap misses the goblin.
The goblin is moderately wounded.
The goblin hits you with a +0 club.
* * * LOW HITPOINT WARNING * * *
The gnoll hits you from afar with a +0 spear.
You die...

### #.# #.# #.# #.# #@#
### # #g# #.. ###.###
###g###.# .. ...
#.....#.######
#.##.##.....#.##...#
#.....g............# ###
####..#.....####...####...
#..#....)....>.....<<..
#..###########.#####.##


You could see a gnoll and a goblin.

Vanquished Creatures
  2 gnolls (D:4)
  An adder (D:2)
  An ufetubus (D:4)
  A worm (D:2)
  4 ball pythons
  5 bats
  3 endoplasms (D:3)
  A giant cockroach (D:1)
  4 hobgoblins
  4 jackals (D:1)
  7 kobolds
  A quokka (D:3)
  4 frilled lizards
  6 goblins
  3 rats
47 creatures vanquished.

Notes
Turn   | Place    | Note
-------+----------+-------------------------------------------
     0 | D:1      | pkoi the Draconian Monk began the quest for the Orb.
     0 | D:1      | Reached XP level 1. HP: 19/19 MP: 1/1
   173 | D:1      | Reached XP level 2. HP: 26/26 MP: 2/2
   443 | D:1      | Reached skill level 4 in Unarmed Combat
   468 | D:1      | Found a faded altar of an unknown god.
  1209 | D:2      | Reached XP level 3. HP: 28/31 MP: 3/3
  1902 | D:3      | Found a basalt altar of Yredelemnul.
  1903 | D:3      | Found a glowing golden altar of the Shining One.
  1903 | D:3      | Found a shadowy altar of Dithmenos.
  1903 | D:3      | Found an ancient bone altar of Kikubaaqudgha.
  2005 | D:3      | Became a worshipper of Dithmenos the Shadowed
  2005 | D:3      | Reached * piety under Dithmenos
  2005 | D:3      | Reached ** piety under Dithmenos
  2261 | D:4      | Reached XP level 4. HP: 23/38 MP: 4/4
  2265 | D:4      | Reached skill level 1 in Stealth
  2269 | D:4      | Slain by a gnoll

Illustrated notes

Levels and vault maps discovered:
D:1:      reono_arrival_forest_river, layout_basic,
          hellmonk_ecumenical_altar_arch_garden
D:2:      layout_loops_ring, grunt_decor_fettered
D:3:      layout_basic, chequers_temple_overflow_statue_of_worship
D:4:      layout_loops_ring, nicolae_overflow_hidden_temple,
          minmay_temple_entry_glassed_door

Skill      XL: |  1  2  3  4 |
---------------+-------------+-----
Unarmed Combat | 4 |  4.9
Stealth        | 1 |  1.0
Fighting       | |  3.2
Dodging        | |  2.6

Action                     |  1- 3 |  4- 6 || total
---------------------------+-------+-------++-------
  Melee: Unarmed           |    59 |       ||    59
         Tailslap          |    20 |       ||    20
         Dagger            |    58 |     9 ||    67
         Punch             |     1 |       ||     1
   Stab: Sleeping          |     1 |       ||     1
 Armour: Skin              |    35 |       ||    35
  Dodge: Dodged            |    72 |     8 ||    80
